 Dungeon Crawl Stone Soup version 0.31-a0-177-g4aa6249778 (webtiles) character file.

Game seed: 15735095237349549109

2583 Moral the Nimble (level 9, -7/48 HPs)
             Began as a Spriggan Hunter on June 19, 2023.
             Was a Believer of Dithmenos.
             Succumbed to a hornet's poison
             ... on level 7 of the Dungeon.
             The game lasted 00:20:19 (7348 turns).

Moral the Nimble (Spriggan Hunter)                  Turns: 7348, Time: 00:20:20

Health: -7/48      AC:  3    Str: 13    XL:     9   Next: 32%
Magic:  10/10      EV: 25    Int: 17    God:    Dithmenos [**....]
Gold:   388        SH:  0    Dex: 22    Spells: 8/8 levels left

rFire   . . .        a - +0 shortbow
rCold   . . .        (shield currently unavailable)
rNeg    . . .        c - +0 robe
rPois   .            (helmet restricted)
rElec   .            i - +0 cloak
rCorr   .            (gloves unavailable)
SInv    +            (boots unavailable)
Will    +....        l - amulet of the acrobat
Stlth   +++++        o - +6 ring of strength
HPRegen 0.28/turn    t - +6 ring of intelligence
MPRegen 0.12/turn

%: acrobat
@: lethally poisoned (-7 -> -42), wreathed by umbra, very quick
A: very small, no large weapons, unfitting armour, see invisible, speed 3
a: Renounce Religion, Shadow Step


You were on level 7 of the Dungeon.
You worshipped Dithmenos.
Dithmenos was pleased with you.
You visited 1 branch of the dungeon, and saw 7 of its levels.

You collected 388 gold pieces.

Inventory:

Hand Weapons
 a - a +0 shortbow (weapon)
Missiles
 w - 2 throwing nets
Armour
 c - a +0 robe (worn)
 i - a +0 cloak (worn)
Jewellery
 l - an amulet of the acrobat (around neck)
 m - an amulet of faith
 o - a +6 ring of strength (left hand)
 t - a +6 ring of intelligence (right hand)
Wands
 x - a wand of mindburst (16)
Scrolls
 b - a scroll of butterflies
 f - 2 scrolls of amnesia
 g - a scroll of enchant weapon {unknown}
 k - a scroll of poison
 r - 2 scrolls of revelation
 u - a scroll of immolation
 v - a scroll of identify
Potions
 d - a potion of curing
 e - a potion of lignification {unknown}
 h - a potion of might {unknown}
 j - a potion of cancellation {unknown}
 n - a potion of brilliance {unknown}
 q - a potion of resistance {unknown}
 s - a potion of berserk rage {unknown}


   Skills:
 * Level 5.9 Fighting
 * Level 7.8 Ranged Weapons
 * Level 9.3 Dodging
 + Level 7.6 Stealth


You had 8 spell levels left.
You didn't know any spells.
Your spell library contained the following spells:

 Spells                   Type           Power      Damage    Failure   Level
 Lesser Beckoning         Tloc           0%         N/A       34%         2
 Poisonous Vapours        Pois/Air       0%         N/A       34%         2
 Gell's Gravitas          Tloc           0%         N/A       56%         3
 Mephitic Cloud           Conj/Pois/Air  0%         N/A       56%         3
 Teleport Other           Tloc           0%         N/A       56%         3
 Tukima's Dance           Hex            0%         N/A       56%         3
 Passage of Golubria      Tloc           0%         N/A       93%         4
 Freezing Cloud           Conj/Ice/Air   0%         6-21      100%        5
 Yara's Violent Unravell  Hex/Tmut       0%         3d3       100%        5
 Dispersal                Tloc           0%         N/A       100%        6


Dungeon Overview and Level Annotations

Branches:
Dungeon (7/15)             Temple (0/1) D:7

Altars:
Cheibriados
Dithmenos
Gozag
Kikubaaqudgha
Okawaru
Qazlal
Ru
Trog
Uskayaw
Wu Jian
Xom


Innate Abilities, Weirdness & Mutations

You are very small and have problems with some larger weapons.
You are too small for most types of armour.
You have supernaturally acute eyesight. (SInv)
You cover ground extremely quickly. (Speed+++)


Message History

A hornet is nearby!
You shoot an arrow.
The arrow hits the hornet but does no damage.
The hornet buzzes angrily.
You shoot an arrow. The arrow hits the hornet!
The hornet is moderately wounded.
You shoot an arrow. The arrow hits the hornet.
The hornet is moderately wounded.
You shoot an arrow. The arrow hits the hornet.
The hornet is heavily wounded.
You shoot an arrow.
The arrow hits the hornet but does no damage.
The hornet is heavily wounded.
The hornet completely misses you.
You shoot an arrow. The arrow hits the hornet!
The hornet is almost dead.
The hornet stings you.
You are poisoned.
You suddenly lose the ability to move!
The hornet stings you.
You are more poisoned.
You feel yourself slow down.
You feel yourself speed up.
You feel very sick. The hornet stings you!
You shrug off the repeated paralysis!
You feel very sick. The hornet stings you!
* * * LOW HITPOINT WARNING * * *
You are lethally poisoned!
You feel yourself slow down. The hornet stings you!
* * * LOW HITPOINT WARNING * * *
You are more poisoned.
You shrug off the repeated paralysis!
You can move again.
Okay, then.
Okay, then.
Okay, then.
As you read the scroll of fear, it crumbles to dust.
You assume a fearsome visage.
The hornet resists with some effort.
You feel yourself speed up.
You die...

### #.### #...# #.#.#
#.#.#
##############.#@#
.............#.#y#
#########....#(#.# #
#....#.#.# # ###.##.#.#
# #.##.#.# # #.##.#.#
.# # #<##.#.. .. #
#.##.##################


You could see a hornet.

Vanquished Creatures
  Sigmund (D:3)
  A vampire (D:6)
  A water moccasin (D:4)
  4 ice beasts
  2 sky beasts
  A black bear (D:5)
  A centaur (D:5)
  A phantom (D:4)
  2 scorpions (D:4)
  5 wights (D:7)
  5 killer bees
  2 orc priests
  5 hounds
  2 jellies
  A sleepcap (D:6)
  5 iguanas
  4 orc wizards
  5 gnolls
  6 adders
  2 white imps (D:7)
  3 ufetubi
  2 worms
  4 dart slugs
  21 orcs
  9 ball pythons
  8 endoplasms
  3 giant cockroaches
  9 goblins
  7 hobgoblins
  6 jackals
  3 quokkas
  2 bats (D:2)
  2 frilled lizards (D:2)
  10 kobolds
  4 rats
149 creatures vanquished.

Notes
Turn   | Place    | Note
-------+----------+-------------------------------------------
     0 | D:1      | Moral the Spriggan Hunter began the quest for the Orb.
     0 | D:1      | Reached XP level 1. HP: 10/10 MP: 2/2
   101 | D:1      | Reached skill level 3 in Dodging
   129 | D:1      | Reached XP level 2. HP: 15/15 MP: 3/3
  1084 | D:2      | Reached XP level 3. HP: 17/18 MP: 4/4
  1425 | D:2      | Reached XP level 4. HP: 23/23 MP: 5/5
  1504 | D:2      | Found a bloodstained altar of Trog.
  1900 | D:3      | Found a hide-covered altar of Uskayaw.
  1904 | D:3      | Found an ancient bone altar of Kikubaaqudgha.
  1905 | D:3      | Found an ornate altar of the Wu Jian Council.
  1905 | D:3      | Found a sacrificial altar of Ru.
  1906 | D:3      | Found a stormy altar of Qazlal.
  1906 | D:3      | Found an iron altar of Okawaru.
  1907 | D:3      | Found a shimmering altar of Xom.
  1972 | D:3      | Reached skill level 4 in Dodging
  2111 | D:3      | Noticed Sigmund
  2131 | D:3      | Killed Sigmund
  2132 | D:3      | Reached skill level 5 in Ranged Weapons
  2132 | D:3      | Reached XP level 5. HP: 21/28 MP: 6/6
  2229 | D:3      | Reached skill level 5 in Dodging
  2423 | D:3      | Reached XP level 6. HP: 26/32 MP: 7/7
  3048 | D:4      | Noticed a water moccasin
  3129 | D:4      | Killed a water moccasin
  3279 | D:4      | Reached XP level 7. HP: 32/37 MP: 8/8
  3513 | D:4      | Found an opulent altar of Gozag.
  3678 | D:4      | Identified the +8 short sword of Revolt {spect, rC+ Str+2
                  | Dex-5 SInv}
  3756 | D:4      | Reached skill level 6 in Dodging
  3950 | D:5      | Entered Level 5 of the Dungeon
  4058 | D:5      | Found a shadowy altar of Dithmenos.
  4138 | D:5      | Became a worshipper of Dithmenos the Shadowed
  4201 | D:5      | Reached skill level 5 in Stealth
  4286 | D:5      | Found a bloodstained altar of Trog.
  4509 | D:5      | Reached skill level 7 in Dodging
  4509 | D:5      | Reached XP level 8. HP: 35/42 MP: 9/9
  5270 | D:6      | Reached * piety under Dithmenos
  5413 | D:6      | Reached skill level 5 in Fighting
  5576 | D:6      | Reached skill level 8 in Dodging
  5988 | D:6      | Found a snail-covered altar of Cheibriados.
  6235 | D:7      | Reached XP level 9. HP: 24/47 MP: 10/10
  6571 | D:7      | Found a staircase to the Ecumenical Temple.
  7053 | D:7      | Reached ** piety under Dithmenos
  7151 | D:7      | Reached skill level 9 in Dodging
  7345 | D:7      | Paralysed by a hornet for 3 turns
  7348 | D:7      | Succumbed to a hornet's poison

Illustrated notes

Levels and vault maps discovered:
D:1:      minmay_arrival_nine_rooms, layout_basic
D:2:      layout_basic, basic_altar
D:3:      layout_basic, grunt_temple_overflow_open, minmay_misc_feat_diagonals,
          uniq_sigmund
D:4:      layout_basic, mainiacjoe_overflow_six_doors_small,
          kennysheep_generic_room_11
D:5:      layout_basic, nicolae_dithmenos_through_a_glass_darkly,
          amcnicky_altar_gilded, serial_bayou, serial_bayou_pond_b,
          serial_bayou_pond_b, serial_bayou_lagoon_b, serial_bayou_shore_a,
          serial_bayou_pond_c, serial_bayou_shore_b
D:6:      layout_cave_pools, cheibrodos_worm_habitat
D:7:      layout_basic, minmay_temple_entry_butterflies, enter_bailey_4

Skill      XL: |  1  2  3  4  5  6  7  8  9 |
---------------+----------------------------+-----
Dodging        | 3 4 5 7 8 9 |  9.3
Stealth        | 2 3 4 5 7 |  7.6
Fighting       | 2 3 4 5 |  5.9
Ranged Weapons | 5 6 7 |  7.8

Action                     |  1- 3 |  4- 6 |  7- 9 || total
---------------------------+-------+-------+-------++-------
   Fire: Shortbow          |   104 |   132 |   433 ||   669
    Use: Scroll            |       |     3 |     6 ||     9
         Potion            |       |       |     3 ||     3
 Armour: Robe              |     3 |     8 |    10 ||    21
  Dodge: Dodged            |    23 |    76 |   215 ||   314

Table legend: (Time is in decaauts)
 A = Elapsed time spent in this place.
 B = Non-inter-level travel time spent in this place.
 C = Inter-level travel time spent in this place.
 D = Time resting spent in this place.
 E = Time spent auto-exploring this place.
 F = Levels seen in this place.
 G = Mean time per level.
                   A        B        C        D        E       F      G
               +--------+--------+--------+--------+--------+-----+--------+
         Total |   5279 |   5043 |    236 |    388 |   3242 |   7 |  754.1 |
       Dungeon |   5279 |   5043 |    236 |    388 |   3242 |   7 |  754.1 |
               +--------+--------+--------+--------+--------+-----+--------+

Top non-repeatable levels by time:
     D:6: 923 daAuts
     D:7: 852 daAuts
     D:5: 841 daAuts
     D:3: 808 daAuts
     D:4: 706 daAuts
     D:1: 685 daAuts
     D:2: 461 daAuts
